 Dungeon Crawl Stone Soup version 0.32-a0-928-g1cae6b7ea0 (webtiles) character file.

Game seed: 2221017357218138487

69 grrhawk the Shooter (level 4, -1/32 HPs)
             Began as a Coglin Hexslinger on Apr 12, 2024.
             Slain by a gnoll
             ... wielding a +0 spear
              (3 damage)
             ... on level 2 of the Dungeon.
             The game lasted 00:02:52 (907 turns).

grrhawk the Shooter (Coglin Hexslinger)              Turns: 907, Time: 00:02:52

Health: -1/32      AC:  5    Str:  8    XL:     4   Next: 20%
Magic:  4/5        EV:  9    Int: 13    God:
Gold:   43         SH:  0    Dex: 18    Spells: 3/5 levels left

rFire   . . .        a - +1 sling {Ana}
rCold   . . .        d - -2 sling {Zhen}
rNeg    . . .        i - +0 ring mail
rPois   .            (no helmet)
rElec   .            (no cloak)
rCorr   .            (no gloves)
SInv    .            (no boots)
Will    .....        (amulet unavailable)
Stlth   +            (ring unavailable)
HPRegen 0.25/turn    (ring unavailable)
MPRegen 0.09/turn    (no gizmo)

%: no passive effects
@: revved
A: off-hand wielding, slow wielding, warmup strikes, no jewellery
a: Invent Gizmo


You were on level 2 of the Dungeon.
You visited 1 branch of the dungeon, and saw 2 of its levels.

You collected 43 gold pieces.

Inventory:

Hand Weapons
 a - a +1 sling (weapon) {Ana}
 d - a -2 sling (offhand) {Zhen}
Armour
 c - a +0 robe
 f - a +0 leather armour
 i - a +0 ring mail (worn)
Talismans
 e - a talisman of death
Scrolls
 b - a scroll of poison
Potions
 g - a potion of ambrosia


   Skills:
 - Level 1.0 Fighting
 + Level 4.0 Ranged Weapons
 - Level 1.7 Dodging
 - Level 1.0 Spellcasting
 - Level 2.6 Hexes
 - Level 0.8 Fire Magic


You had 3 spell levels left.
You knew the following spells:

 Your Spells              Type           Power      Damage    Failure   Level
a - Jinxbite              Hex            14%        N/A       41%         2

Your spell library contained the following spells:

 Spells                   Type           Power      Damage    Failure   Level
 Sigil of Binding         Hex            7%         N/A       65%         3
 Inner Flame              Hex/Fire       5%         N/A       77%         3
 Cause Fear               Hex            3%         N/A       96%         4
 Dimensional Bullseye     Hex/Tloc       2%         N/A       99%         4


Dungeon Overview and Level Annotations

Branches:
Dungeon (2/15)

Altars:


Innate Abilities, Weirdness & Mutations

You can wield a second weapon in your off-hand.
It takes a long time for you to wield or remove held weapons.
Your first few attacks do less damage.
You cannot equip rings or amulets.


Message History

You shoot a sling bullet.
The sling bullet hits the gnoll but does no damage.
You shoot a sling bullet. The sling bullet hits the gnoll.
The gnoll is moderately wounded.
The gnoll completely misses you. The gnoll barely misses you. x2
The gnoll completely misses you.
Unknown command.
You shoot a sling bullet.
The sling bullet closely misses the gnoll.
The sling bullet hits the gnoll but does no damage.
You shoot a sling bullet.
The sling bullet hits the gnoll but does no damage.
The gnoll is moderately wounded.
The gnoll hits you from afar with a +0 spear!
The gnoll hits you with a +0 whip!
Your magical contamination has completely faded away.
You shoot a sling bullet.
The sling bullet hits the gnoll but does no damage.
The gnoll is moderately wounded.
You shoot a sling bullet.
The sling bullet hits the gnoll but does no damage.
The gnoll is moderately wounded.
The gnoll hits you but does no damage. The gnoll hits you with a +0 whip.
You shoot a sling bullet. The sling bullet hits the gnoll.
The gnoll is moderately wounded.
You shoot a sling bullet.
The sling bullet hits the gnoll but does no damage.
The gnoll is moderately wounded.
The gnoll completely misses you. The gnoll hits you with a +0 whip.
* * * LOW HITPOINT WARNING * * *
The gnoll hits you with a +0 whip.
* * * LOW HITPOINT WARNING * * *
The gnoll hits you from afar with a +0 spear.
* * * LOW HITPOINT WARNING * * *
Unknown command.
As you read the scroll labelled KARAHI SAUCUX, it crumbles to dust.
It is a scroll of identify.
g - a potion of ambrosia The gnoll hits you from afar with a +0 spear.
You die...

.#.
...############
..............#
..)...........#
..............#
...g....?....[#
......gg(...†.#
.....##g#######
### #@# #.##
#####..#######
#............#
#........^...#
#............#
#............#
#............#
#....).......#


You could see 3 gnolls.

Vanquished Creatures
  A gnoll (D:2)
  An adder (D:2)
  2 dart slugs
  A ribbon worm (D:2)
  2 bats
  3 endoplasms (D:1)
  5 giant cockroaches
  3 goblins
  3 hobgoblins (D:1)
  3 jackals (D:1)
  3 kobolds (D:1)
  2 quokkas
  5 ball pythons
  A frilled lizard (D:2)
  5 rats (D:1)
40 creatures vanquished.

Notes
Turn   | Place    | Note
-------+----------+-------------------------------------------
     0 | D:1      | grrhawk the Coglin Hexslinger began the quest for the Orb.
     0 | D:1      | Reached XP level 1. HP: 15/15 MP: 2/2
   117 | D:1      | Reached skill level 2 in Ranged Weapons
   125 | D:1      | Reached XP level 2. HP: 21/21 MP: 3/3
   306 | D:1      | Reached skill level 3 in Ranged Weapons
   313 | D:1      | Reached XP level 3. HP: 26/26 MP: 4/4
   800 | D:2      | Learned a level 2 spell: Jinxbite
   888 | D:2      | Reached XP level 4. HP: 32/32 MP: 5/5
   902 | D:2      | Reached skill level 4 in Ranged Weapons
   906 | D:2      | HP: 1/32 [gnoll/+0 spear (2)]
   907 | D:2      | Slain by a gnoll

Illustrated notes

Levels and vault maps discovered:
D:1:      evilmike_arrival_rings, layout_basic
D:2:      layout_basic, uniq_robin

Skill      XL: |  1  2  3  4 |
---------------+-------------+-----
Ranged Weapons | 2 3 4 |  4.0
Fighting       | |  1.0
Dodging        | |  1.7
Spellcasting   | |  1.0
Hexes          | |  2.6
Fire Magic     | |  0.8

Action                     |  1- 3 |  4- 6 || total
---------------------------+-------+-------++-------
   Fire: Sling             |   156 |    18 ||   174
    Use: Scroll            |       |     1 ||     1
 Armour: Robe              |     3 |       ||     3
         Ring mail         |     4 |     9 ||    13
         Leather armour    |     3 |       ||     3
  Dodge: Dodged            |    15 |     8 ||    23

Table legend: (Time is in decaauts)
 A = Elapsed time spent in this place.
 B = Non-inter-level travel time spent in this place.
 C = Inter-level travel time spent in this place.
 D = Time resting spent in this place.
 E = Time spent auto-exploring this place.
 F = Levels seen in this place.
 G = Mean time per level.
                   A        B        C        D        E       F      G
               +--------+--------+--------+--------+--------+-----+--------+
         Total |    933 |    925 |      8 |     12 |    649 |   2 |  466.5 |
       Dungeon |    933 |    925 |      8 |     12 |    649 |   2 |  466.5 |
               +--------+--------+--------+--------+--------+-----+--------+

Top non-repeatable levels by time:
     D:1: 805 daAuts
     D:2: 127 daAuts
